cohdb
Replays
Latest Replays
All Replays
Popular Replays
Top Player Replays
Match Explorer
How It Works
Community
CoH3 Stats
Reddit
Sign in to upload your games and track your stats! →
Sign in with Steam
Match 42864389
Unlisted
Match 42864389
Overview
Messages
Build Orders
End
Kradschützen Motorcycle Team
Selects Armored Support Battlegroup
Panzergrenadier Squad
Panzergrenadier Squad
Construct Light Support Kompanie
Assault Grenadier Squad
Combat Half-tracks
2.5-tonne Medical Truck
Selects Superior Fire Drills
Panzerjäger Mechanized Group
Construct Mechanized Kompanie
Veteran Squad Leaders
Vehicle Survival Package
Selects Flammpanzer III Medium Tank
Marder III Tank Destroyer
Flammpanzer III Medium Tank
Marder III Tank Destroyer
Assault Mechanized Group
Construct Panzerarmee Kommand
Selects Command Panzer IV F Medium Tank
Selects Salvage Kits
Rapid Advance
Panzer III L Medium Tank
Selects Panzer Storm
Emergency Repair Kits
Selects Stuka Anti-tank Loiter
Panzer III L Medium Tank
Mechanized
只愛❤毛妹
0
0
Comments
sign in to comment!
No comments posted yet!